 Dungeon Crawl Stone Soup version 0.30-a0-359-gd0147acb1a (webtiles) character file.

Game seed: 6179115570150267549

467 avis the Chiller (level 6, -4/48 HPs)
             Began as a Demigod Ice Elementalist on Nov 11, 2022.
             Engulfed by a cloud of steam (16 damage)
             ... on level 4 of the Dungeon.
             The game lasted 00:22:07 (4130 turns).

avis the Chiller (Demigod Ice Elementalist)         Turns: 4130, Time: 00:22:08

Health: -4/48      AC:  2    Str:  9    XL:     6   Next: 51%
Magic:  2/13       EV: 13    Int: 23    God:
Gold:   35         SH:  0    Dex: 22    Spells: 4/11 levels left

rFire   . . .      SeeInvis .    a - +4 long sword of the Snake Pit {vorpal, *Noise rC++ Will++}
rCold   + + .      Faith    .    (no shield)
rNeg    . . .      Spirit   .    d - +0 robe
rPois   .          Reflect  .    (no helmet)
rElec   .          Harm     .    (no cloak)
rCorr   .          Rampage  .    (no gloves)
Will    ++...                    (no boots)
Stlth   ++........               (no amulet)
HPRegen 0.28/turn                r - +6 ring of intelligence
MPRegen 0.13/turn                (no ring)

@: freezing walls, very slightly contaminated
A: high MP 1, forlorn, divine attributes
a: no special abilities


You were on level 4 of the Dungeon.
You visited 1 branch of the dungeon, and saw 4 of its levels.

You collected 183 gold pieces.
You spent 148 gold pieces at shops.

Inventory:

Hand Weapons
 a - the +4 long sword of the Snake Pit (weapon) {vorpal, *Noise rC++ Will++}
   (You took it off a goblin on level 2 of the Dungeon)

   It inflicts extra damage upon your enemies.
   rC:        It greatly protects you from cold.
   *Noise:    It may make noises in combat.
   Will:      It greatly increases your willpower.
 b - a +0 sling
 c - a +1 rapier of venom
 q - a +1 dagger of venom
 w - a +1 falchion of flaming
Missiles
 j - 20 poisoned darts
Armour
 d - a +0 robe (worn)
 m - a scarf of shadows
Jewellery
 r - a +6 ring of intelligence (left hand)
Scrolls
 f - a scroll of teleportation {unknown}
 h - 6 scrolls of identify {unknown}
 k - a scroll of immolation {unknown}
 l - a scroll of amnesia {unknown}
 s - a scroll of blinking {unknown}
Potions
 e - a potion of heal wounds {unknown}
 g - a potion of flight {unknown}
 i - a potion of magic
 n - a potion of ambrosia {unknown}
 o - 2 potions of curing {unknown}
 p - a potion of lignification {unknown}
 t - 2 potions of invisibility {unknown}


   Skills:
 - Level 2.0 Fighting
 - Level 2.0 Long Blades
 * Level 2.2 Ranged Weapons
 - Level 2.0 Armour
 - Level 2.0 Dodging
 - Level 2.0 Stealth
 - Level 3.0 Spellcasting
 - Level 5.0 Ice Magic


You had 4 spell levels left.
You knew the following spells:

 Your Spells              Type           Power      Damage    Failure   Level
a - Freeze                Ice            100%       1d10      1%          1
o - Ozocubu's Armour      Ice            26%        N/A       4%          3
r - Frozen Ramparts       Ice            52%        1d8       4%          3

Your spell library contained the following spells:

 Spells                   Type           Power      Damage    Failure   Level
 Ensorcelled Hibernation  Hex/Ice        28%        N/A       6%          2
 Hailstorm                Conj/Ice       14%        3d5       12%         3
 Gell's Gravitas          Tloc           3%         N/A       34%         3
 Spider Form              Tmut/Pois      3%         N/A       34%         3
 Teleport Other           Tloc           3%         N/A       34%         3
 Summon Ice Beast         Ice/Summ       14%        N/A       38%         4
 Anguish                  Hex/Necr       1%         N/A       75%         4
 Dispersal                Tloc           1%         N/A       100%        6


Dungeon Overview and Level Annotations

Branches:
Dungeon (4/15)             Temple (0/1) D:4

Shops:
D:4 (


Innate Abilities, Weirdness & Mutations

You have an increased reservoir of magic. (+10% MP)
You shall have no god before yourself.
Your divine heritage dramatically boosts your attributes as you level up.


Message History

The frozen ramparts melt away.
The steam dragon bites you but does no damage.
The steam dragon claws you but does no damage.
You hit the steam dragon but do no damage.
The steam dragon is severely wounded.
The steam dragon misses you. The steam dragon closely misses you.
The steam dragon bites you but does no damage.
The steam dragon claws you.
You hit the steam dragon but do no damage.
The steam dragon is severely wounded.
The steam dragon breathes steam at you. The ball of steam hits you!!
The heat melts your icy armour.
Casting: Frozen Ramparts (dangerous; 4% risk of failure)
Confirm with . or Enter, or press ? or * to list all spells.
Casting: Frozen Ramparts (dangerous; 4% risk of failure)
Press: ? - help, Dir - look around, f - activate
There is a cloud of steam here.
You miscast Frozen Ramparts.
You are very lightly contaminated with residual magic.
Nothing appears to happen.
You are engulfed in a cloud of scalding steam.
The steam dragon bites you. The steam dragon closely misses you.
The heat melts your icy armour.
Unknown command.
Casting: Frozen Ramparts (dangerous; 4% risk of failure)
Confirm with . or Enter, or press ? or * to list all spells.
Casting: Frozen Ramparts (dangerous; 4% risk of failure)
Press: ? - help, Dir - look around, f - activate
There is a cloud of steam here.
The walls around you are covered in ice.
You are engulfed in a cloud of scalding steam.
Your icy armour melts away.
* * * LOW HITPOINT WARNING * * *
The wall freezes the steam dragon.
The steam dragon barely misses you. The steam dragon completely misses you.
You slash the steam dragon!
You kill the steam dragon!
You are engulfed in a cloud of scalding steam.
You die...

###.##.#.######.#.###
#..............###..#
#..≈≈≈≈≈≈≈..###.#.#.#
#.≈≈≈≈≈≈...#####.##.# ####
#.≈≈_....8.......##<# #...
..≈≈≈≈≈≈...########.##########.##
...≈≈≈≈≈≈≈.# #.§.............#
.[..)......# #§##.############
######...#.# #@##.# #.###.#
#.##.# ###.###.# #.##.#
#..†....#####.##.##
#.#.###.....).#888## #.#.#
#######.8...8# #.#.## #.8.>.8#
#....## #.8...8#
#.....#######.#8.8#####


There were no monsters in sight!

Vanquished Creatures
  Eustachio (D:4)
  A steam dragon (D:4)
  Menkaure (D:4)
  2 iguanas (D:4)
  An orc wizard (D:4)
  5 adders
  2 worms
  4 dart slugs
  4 orcs (D:4)
  3 ball pythons
  6 endoplasms
  12 goblins
  9 hobgoblins
  2 jackals (D:3)
  A quokka (D:1)
  2 bats
  2 frilled lizards (D:1)
  7 kobolds
  4 rats
69 creatures vanquished.

Notes
Turn   | Place    | Note
-------+----------+-------------------------------------------
     0 | D:1      | avis the Demigod Ice Elementalist began the quest for the
                  | Orb.
     0 | D:1      | Reached XP level 1. HP: 14/14 MP: 5/5
   249 | D:1      | Reached skill level 4 in Ice Magic
   345 | D:1      | Reached XP level 2. HP: 20/20 MP: 5/7
   463 | D:1      | Reached skill level 1 in Fighting
   978 | D:2      | Reached XP level 3. HP: 24/28 MP: 3/9
  1202 | D:2      | Learned a level 3 spell: Frozen Ramparts
  1206 | D:2      | Learned a level 3 spell: Ozocubu's Armour
  1362 | D:2      | Identified the +4 long sword of the Snake Pit {vorpal,
                  | *Noise rC++ Will++}
  1732 | D:2      | Reached skill level 1 in Armour
  2134 | D:2      | Reached XP level 4. HP: 29/35 MP: 8/11
  2323 | D:3      | Reached skill level 1 in Ranged Weapons
  3220 | D:4      | Noticed Menkaure
  3231 | D:4      | Killed Menkaure
  3232 | D:4      | Reached XP level 5. HP: 23/41 MP: 5/12
  3321 | D:4      | Found a staircase to the Ecumenical Temple.
  3600 | D:4      | Noticed Eustachio
  3619 | D:4      | Killed Eustachio
  3620 | D:4      | Reached skill level 5 in Ice Magic
  3620 | D:4      | Reached XP level 6. HP: 36/48 MP: 5/13
  3761 | D:4      | Found Xisessal's Weapon Boutique.
  3776 | D:4      | Bought a +1 falchion of flaming for 148 gold pieces
  3791 | D:4      | Noticed a steam dragon
  4130 | D:4      | Killed a steam dragon
  4130 | D:4      | Engulfed by a cloud of steam

Illustrated notes

Levels and vault maps discovered:
D:1:      dpeg_arrival_round_b, layout_loops_cross,
          ebering_dispersal_statue_hall, chequers_mini_garden,
          kennysheep_doodads
D:2:      layout_basic
D:3:      layout_basic, kennysheep_another_room, grunt_decor_clamped
D:4:      minmay_chambers_of_threes, layout_loops_ring,
          mainiacjoe_overflow_catwalk, minmay_temple_entry_statues,
          serial_shops, nicolae_shop_bloodbath_and_beyond, uniq_eustachio,
          uniq_menkaure

Skill      XL: |  1  2  3  4  5  6 |
---------------+-------------------+-----
Ice Magic      | 4 5 |  5.0
Spellcasting   | 2 3 |  3.0
Fighting       | 1 2 |  2.0
Armour         | 1 2 |  2.0
Ranged Weapons | 2 |  2.2
Long Blades    | 2 |  2.0
Dodging        | 2 |  2.0
Stealth        | 2 |  2.0

Action                   |  1- 3 |  4- 6 || total
-------------------------+-------+-------++-------
Melee: Dagger            |     4 |       ||     4
       Long sword        |     1 |    25 ||    26
 Fire: Sling             |    21 |    53 ||    74
 Cast: Freeze            |    50 |     2 ||    52
       Frozen Ramparts   |       |    11 ||    11
       Ozocubu's Armour  |       |     8 ||     8
 Stab: Sleeping          |     3 |       ||     3
Armor: Robe              |     3 |    12 ||    15
Dodge: Dodged            |    16 |    20 ||    36

Table legend: (Time is in decaauts)
 A = Elapsed time spent in this place.
 B = Non-inter-level travel time spent in this place.
 C = Inter-level travel time spent in this place.
 D = Time resting spent in this place.
 E = Time spent auto-exploring this place.
 F = Levels seen in this place.
 G = Mean time per level.
                   A        B        C        D        E       F      G
               +--------+--------+--------+--------+--------+-----+--------+
         Total |   4155 |   3805 |    350 |   1148 |   1933 |   4 | 1038.8 |
       Dungeon |   4155 |   3805 |    350 |   1148 |   1933 |   4 | 1038.8 |
               +--------+--------+--------+--------+--------+-----+--------+

Top non-repeatable levels by time:
     D:2: 1299 daAuts
     D:1: 1107 daAuts
     D:4: 927 daAuts
     D:3: 822 daAuts
